 Dungeon Crawl Stone Soup version 0.29-a0-451-gfbfa42419e (webtiles) character file.

Game seed: 7272500177438681323

66 Faeu the Chopper (level 3, 0/33 HPs)
             Began as a Minotaur Berserker on May 19, 2022.
             Was a Believer of Trog.
             Slain by Sigmund
             ... wielding a +5 vorpal scythe
              (14 damage)
             ... on level 3 of the Dungeon.
             The game lasted 00:01:22 (2165 turns).

Faeu the Chopper (Minotaur Berserker)               Turns: 2165, Time: 00:01:22

Health: 0/33       AC:  2    Str: 23    XL:     3   Next: 96%
Magic:  2/2        EV: 12    Int:  4    God:    Trog [**....]
Gold:   122        SH:  0    Dex:  9    Spells: 2/2 levels left

rFire   . . .      SeeInvis .   a - +0 hand axe
rCold   . . .      Faith    .   (no shield)
rNeg    . . .      Spirit   .   b - +0 animal skin
rPois   .          Reflect  .   (helmet restricted)
rElec   .          Harm     .   (no cloak)
rCorr   .          Rampage  .   (no gloves)
Will    .....                   (no boots)
Stlth   +.........              (no amulet)
HPRegen 0.11/turn               (no ring)
MPRegen 0.08/turn               (no ring)

@: confused
A: horns 2, retaliatory headbutt
a: Renounce Religion, Berserk, Trog's Hand


You were on level 3 of the Dungeon.
You worshipped Trog.
Trog was pleased with you.
You visited 1 branch of the dungeon, and saw 3 of its levels.

You collected 122 gold pieces.

Inventory:

Hand Weapons
 a - a +0 hand axe (weapon)
Armour
 b - a +0 animal skin (worn)
Scrolls
 c - 4 scrolls of identify {unknown}
 d - a scroll of blinking {unknown}
 f - a scroll of torment {unknown}
 g - 2 scrolls of fear {unknown}
 j - a scroll of teleportation {unknown}
 k - 2 scrolls of poison {unknown}
 l - a scroll of magic mapping {unknown}
Potions
 e - 2 potions of ambrosia {unknown}
 h - a potion of haste {unknown}
 i - a potion of cancellation {unknown}
 m - a potion of curing {unknown}


   Skills:
 + Level 4.2 Fighting
 + Level 4.2 Axes
 + Level 3.3 Armour
 + Level 3.0 Dodging


You had 2 spell levels left.
You didn't know any spells.
Your spell library was empty.

Dungeon Overview and Level Annotations

Branches:
Dungeon (3/15)

Altars:

Shops:
D:1 (

Annotations:
D:3 Ijyb, Sigmund


Innate Abilities, Weirdness & Mutations

You have a pair of horns on your head.
You reflexively headbutt those who attack you in melee.


Message History

You are too confused!
Ijyb is nearby!
You are too confused!
Ijyb is nearby!
You are too confused!
Ijyb is nearby!
You are too confused!
Ijyb is nearby!
You are too confused!
Ijyb is nearby!
You are too confused!
Ijyb is nearby!
You are too confused!
Ijyb is nearby!
You are too confused!
Ijyb is nearby!
You are too confused!
Ijyb is nearby!
You are too confused!
Ijyb is nearby!
You are too confused!
Ijyb is nearby!
You are too confused!
Ijyb is nearby!
You are too confused!
Ijyb is nearby!
You are too confused!
Ijyb is nearby!
You are too confused!
You hit Ijyb.
Ijyb is moderately wounded.
Ijyb closely misses you. Something hits you!
You slash Ijyb!
Ijyb is severely wounded.
Ijyb hits you with a +0 club. Something hits you.
You're too confused to move!
Ijyb closely misses you.
You hit Ijyb but do no damage. Your headbutt misses Ijyb.
Ijyb is severely wounded.
Something hits you!
You die...

#.#.# #.#.# #.#.#
#.#####.#.####
#.........<..#
.#####.#.##......
#.#.# #.###
##.#####.#.# #
.....{g@.#..
...#########


You could see Ijyb.

Vanquished Creatures
  3 dart slugs (D:1)
  A worm (D:2)
  9 ball pythons
  7 endoplasms (D:1)
  3 giant cockroaches
  4 goblins
  3 hobgoblins
  2 jackals (D:2)
  4 quokkas
  2 bats (D:2)
  3 frilled lizards
  6 kobolds
  4 rats (D:2)
51 creatures vanquished.

Notes
Turn   | Place    | Note
-------+----------+-------------------------------------------
     0 | D:1      | Faeu the Minotaur Berserker began the quest for the Orb.
     0 | D:1      | Reached XP level 1. HP: 19/19 MP: 0/0
   189 | D:1      | Reached XP level 2. HP: 26/27 MP: 1/1
   923 | D:1      | Reached XP level 3. HP: 33/33 MP: 2/2
  1050 | D:1      | Found Guagaec's Antique Weapon Boutique.
  1246 | D:1      | Reached ** piety under Trog
  1761 | D:2      | Identified the +1 robe of Ciryjab {rF+ Will- Int+2}
  2153 | D:3      | Noticed Ijyb
  2155 | D:3      | Noticed Sigmund
  2165 | D:3      | Slain by Sigmund

Illustrated notes

Levels and vault maps discovered:
D:1:      minmay_arrival_loop, layout_loops_ring, serial_shops,
          nicolae_shop_hallway_plus, minmay_tetromino_l4
D:2:      layout_rooms
D:3:      layout_loops_ring, uniq_ijyb, uniq_sigmund

Skill      XL: |  1  2  3 |
---------------+----------+-----
Fighting       | 4 |  4.2
Axes           | 4 |  4.2
Armour         | 3 |  3.3
Dodging        | 3 |  3.0

Action                   || total
-------------------------++-------
Melee: Hand axe          ||   113
       Headbutt          ||    17
Armor: Animal skin       ||    18
Dodge: Dodged            ||    64

Table legend: (Time is in decaauts)
 A = Elapsed time spent in this place.
 B = Non-inter-level travel time spent in this place.
 C = Inter-level travel time spent in this place.
 D = Time resting spent in this place.
 E = Time spent auto-exploring this place.
 F = Levels seen in this place.
 G = Mean time per level.
                   A        B        C        D        E       F      G
               +--------+--------+--------+--------+--------+-----+--------+
         Total |   2175 |   2138 |     37 |      0 |   1858 |   3 |  725.0 |
       Dungeon |   2175 |   2138 |     37 |      0 |   1858 |   3 |  725.0 |
               +--------+--------+--------+--------+--------+-----+--------+

Top non-repeatable levels by time:
     D:1: 1491 daAuts
     D:2: 665 daAuts
     D:3: 18 daAuts
